 Dungeon Crawl Stone Soup version 0.31-a0-836-g3ceb0a68c4 (webtiles) character file.

Game seed: 14372111966822986322

247 javelincjr the Trooper (level 5, -10/42 HPs)
             Began as a Demonspawn Fighter on Sept 26, 2023.
             Was an Initiate of Hepliaklqana.
             Killed by divine providence
             ... invoked by an orc priest
              (11 damage)
             ... on level 4 of the Dungeon.
             The game lasted 00:07:55 (3055 turns).

javelincjr the Trooper (Demonspawn Fighter)         Turns: 3055, Time: 00:07:56

Health: -10/42     AC:  9    Str: 19    XL:     5   Next: 85%
Magic:  5/5        EV:  7    Int:  9    God:    Hepliaklqana [......]
Gold:   103        SH:  5    Dex: 12    Spells: 4/4 levels left

rFire   . . .        n - +1 dagger (flame)
rCold   . . .        c - +0 buckler
rNeg    + . .        s - +0 chain mail
rPois   .            (helmet restricted)
rElec   .            (no cloak)
rCorr   .            (no gloves)
SInv    .            (no boots)
Will    +....        C - amulet of the acrobat Stlth
                     A - ring of willpower
HPRegen 0.27/turn    w - ring of positive energy
MPRegen 0.09/turn

%: acrobat
@: no status effects
A: antennae 2, weakness stinger 1
a: Renounce Religion


You were on level 4 of the Dungeon.
You worshipped Hepliaklqana.
Hepliaklqana was noncommittal.
You visited 1 branch of the dungeon, and saw 4 of its levels.

You collected 103 gold pieces.

Inventory:

Hand Weapons
 a - a +0 trident
 n - a +1 dagger of flaming (weapon)
Missiles
 l - 8 poisoned darts
 p - 4 boomerangs (quivered)
 x - a throwing net
Armour
 b - a +0 scale mail
 c - a +0 buckler (worn)
 r - a +0 plate armour
 s - a +0 chain mail (worn)
Jewellery
 o - a ring of wizardry
 w - a ring of positive energy (right hand)
 A - a ring of willpower (left hand)
 B - a ring of protection from cold
 C - an amulet of the acrobat (around neck)
Scrolls
 e - 4 scrolls of identify {unknown}
 g - 2 scrolls of poison {unknown}
 i - 2 scrolls of fear {unknown}
 j - 2 scrolls of amnesia {unknown}
 q - a scroll of summoning {unknown}
 t - a scroll of teleportation {unknown}
 y - a scroll of immolation {unknown}
Potions
 d - a potion of might
 f - 2 potions of magic {unknown}
 h - a potion of degeneration {unknown}
 k - a potion of mutation {unknown}
 m - 3 potions of heal wounds {unknown}
 u - a potion of invisibility {unknown}
 v - a potion of haste {unknown}
 z - a potion of lignification {unknown}


   Skills:
 + Level 4.1 Fighting
 + Level 3.1 Polearms
 + Level 3.7 Armour
 + Level 3.8 Shields


You had 4 spell levels left.
You didn't know any spells.
Your spell library was empty.

Dungeon Overview and Level Annotations

Branches:
Dungeon (4/15)
 Temple: D:4-7

Altars:
Dithmenos
Hepliaklqana
Okawaru


Innate Abilities, Weirdness & Mutations

You have a pair of antennae on your head.
You have a small tail.


Message History

You tail-slap the orc priest, but do no damage.
The orc priest is moderately wounded.
The orc priest barely misses you.
You hit the orc priest but do no damage.
You tail-slap the orc priest.
The orc priest is heavily wounded.
The orc priest invokes the aid of Beogh against you.
Beogh smites you!
* * * LOW HITPOINT WARNING * * *
You are too injured to fight recklessly!
You are too injured to fight recklessly!
You hit the orc priest but do no damage.
The orc priest is heavily wounded.
The orc priest hits you but does no damage.
The orc wizard gestures wildly while chanting.
The orc wizard flickers and vanishes!
Deactivating autopickup; reactivate with Ctrl-A.
You closely miss the orc priest.
The orc priest is heavily wounded.
You block the orc priest's attack.
You hit the orc priest but do no damage.
The orc priest is heavily wounded.
The orc priest hits you but does no damage.
Something hits you.
* * * LOW HITPOINT WARNING * * *
You barely miss the orc priest.
The orc priest is heavily wounded.
The orc priest hits you with a +0 trident.
* * * LOW HITPOINT WARNING * * *
Something hits you but does no damage.
You closely miss the orc priest.
The orc priest is heavily wounded.
The orc priest hits you with a +0 trident.
* * * LOW HITPOINT WARNING * * *
Something hits you but does no damage.
You hit the orc priest but do no damage.
The orc priest is heavily wounded.
The orc priest calls down the wrath of Beogh upon you.
Beogh smites you!
You die...

############
#..........#
############..........#
...............>......#
############..........#
.... #....@.....# ####
#...{o.^...#
#....†.....#
#..........#
#..........#
.........######
.........# .........#
..#####.##


You could see an orc priest.

Vanquished Creatures
  A howler monkey (D:4)
  A hound (D:2)
  Jessica (D:3)
  An orc wizard (D:4)
  A gnoll (D:1)
  2 adders
  3 dart slugs
  3 orcs
  8 endoplasms
  10 giant cockroaches
  10 goblins
  4 hobgoblins
  11 jackals
  7 kobolds
  A quokka (D:1)
  6 ball pythons
  2 bats
  4 frilled lizards
  11 rats
87 creatures vanquished.

Notes
Turn   | Place    | Note
-------+----------+-------------------------------------------
     0 | D:1      | javelincjr the Demonspawn Fighter began the quest for the
                  | Orb.
     0 | D:1      | Reached XP level 1. HP: 18/18 MP: 1/1
    52 | D:1      | Discovered your monstrous ancestry.
    52 | D:1      | Gained mutation: You have a pair of small antennae on your
                  | head. [demonic ancestry]
    52 | D:1      | Reached XP level 2. HP: 24/24 MP: 2/2
   486 | D:1      | Gained mutation: You have a pair of antennae on your head.
                  | [demonic ancestry]
   486 | D:1      | Reached XP level 3. HP: 16/29 MP: 3/3
  1174 | D:2      | Reached XP level 4. HP: 19/35 MP: 4/4
  2036 | D:3      | Noticed Jessica
  2049 | D:3      | Killed Jessica
  2050 | D:3      | Gained mutation: You have a small tail. [demonic ancestry]
  2050 | D:3      | Reached XP level 5. HP: 36/42 MP: 5/5
  2546 | D:4      | Found an iron altar of Okawaru.
  2645 | D:4      | Found a shadowy altar of Dithmenos.
  2645 | D:4      | Found a hazy altar of Hepliaklqana.
  2707 | D:4      | Became a worshipper of Hepliaklqana the Forgotten
  2728 | D:4      | Reached skill level 4 in Fighting
  3054 | D:4      | HP: 1/42 [orc priest/+0 trident (6)]
  3055 | D:4      | Killed from afar by an orc priest

Illustrated notes

Levels and vault maps discovered:
D:1:      lemuel_arrival_room, layout_basic, minmay_misc_feat_pillars
D:2:      layout_rooms
D:3:      layout_basic, minmay_diced_spiral, uniq_jessica
D:4:      layout_basic, kennysheep_okawaru_gauntlet,
          gammafunk_temple_overflow_forgotten, minmay_temple_entry_statues

Skill      XL: |  1  2  3  4  5 |
---------------+----------------+-----
Polearms       | 2 3 |  3.1
Armour         | 3 |  3.7
Shields        | 3 |  3.8
Fighting       | 4 |  4.1

Action                     |  1- 3 |  4- 6 || total
---------------------------+-------+-------++-------
  Melee: Trident           |   145 |    47 ||   192
         Dagger            |       |   114 ||   114
         Tailslap          |       |    11 ||    11
  Throw: Boomerang         |       |     5 ||     5
 Armour: Scale mail        |    94 |    51 ||   145
         Chain mail        |       |    69 ||    69
  Dodge: Dodged            |    64 |    67 ||   131
  Block: Buckler           |    37 |    32 ||    69

Table legend: (Time is in decaauts)
 A = Elapsed time spent in this place.
 B = Non-inter-level travel time spent in this place.
 C = Inter-level travel time spent in this place.
 D = Time resting spent in this place.
 E = Time spent auto-exploring this place.
 F = Levels seen in this place.
 G = Mean time per level.
                   A        B        C        D        E       F      G
               +--------+--------+--------+--------+--------+-----+--------+
         Total |   3100 |   3023 |     77 |      0 |   2298 |   4 |  775.0 |
       Dungeon |   3100 |   3023 |     77 |      0 |   2298 |   4 |  775.0 |
               +--------+--------+--------+--------+--------+-----+--------+

Top non-repeatable levels by time:
     D:1: 919 daAuts
     D:3: 847 daAuts
     D:2: 771 daAuts
     D:4: 563 daAuts
